 Dungeon Crawl Stone Soup version 0.29-a0-25-g7f48f510a0 (webtiles) character file.

Game seed: 2291420407389693397

552 Destapler the Ducker (level 7, 0/106 HPs)
             Began as a Troll Berserker on Jan 31, 2022.
             Was a Priest of Trog.
             Killed from afar by Dowan (11 damage)
             ... with a puff of frost
             ... on level 4 of the Dungeon.
             The game lasted 00:07:04 (2396 turns).

Destapler the Ducker (Troll Berserker)              Turns: 2396, Time: 00:07:06

Health: 0/106      AC:  4    Str: 26    XL:     7   Next: 8%
Magic:  6/6        EV: 11    Int:  3    God:    Trog [***...]
Gold:   43         SH:  0    Dex: 11    Spells: 6/6 levels left

rFire   . . .      SeeInvis .   (no weapon)
rCold   . . .      Faith    .   (no shield)
rNeg    . . .      Spirit   .   b - +0 animal skin
rPois   .          Reflect  .   (helmet restricted)
rElec   .          Harm     .   (no cloak)
rCorr   .          Rampage  .   (gloves unavailable)
Will    ++...                   (boots unavailable)
Stlth   ..........              (no amulet)
HPRegen 2.07/turn               (no ring)
MPRegen 0.10/turn               (no ring)

@: berserking, strong-willed, regenerating, very quick
A: large, unfitting armour, claws 3, regeneration 1, shaggy fur 1, tough skin 1
a: Renounce Religion, Berserk, Trog's Hand


You were on level 4 of the Dungeon.
You worshipped Trog.
Trog was most pleased with you.
You visited 1 branch of the dungeon, and saw 4 of its levels.

You collected 205 gold pieces.
You spent 162 gold pieces at shops.

Inventory:

Hand Weapons
 n - a +0 flail of draining
Armour
 b - a +0 animal skin (worn)
Scrolls
 c - a scroll of enchant weapon {unknown}
 d - 4 scrolls of identify
 i - a scroll of magic mapping {unknown}
 k - 2 scrolls of brand weapon {unknown}
Potions
 e - a potion of curing {unknown}
 f - a potion of haste {unknown}
 g - a potion of flight {unknown}
 h - 2 potions of mutation {unknown}
 l - 2 potions of heal wounds
 m - a potion of brilliance {unknown}


   Skills:
 + Level 4.7 Fighting
 + Level 3.8 Maces & Flails
 + Level 4.7 Dodging


You had 6 spell levels left.
You didn't know any spells.
Your spell library contained the following spells:

 Spells                   Type           Power      Damage    Failure   Level
 Corpse Rot               Necr/Air       0%         N/A       67%         2
 Poisonous Vapours        Pois/Air       0%         N/A       67%         2
 Inner Flame              Hex/Fire       0%         N/A       88%         3
 Cause Fear               Hex            0%         N/A       99%         4
 Discord                  Hex            0%         N/A       100%        8


Dungeon Overview and Level Annotations

Branches:
Dungeon (4/15)
 Temple: D:4-7

Altars:
Elyvilon
Kikubaaqudgha
Nemelex Xobeh
Qazlal
Yredelemnul

Shops:
D:2 *   D:4 *

Annotations:
D:4 Dowan, Duvessa


Innate Abilities, Weirdness & Mutations

You are too large for most types of armour.
You have claws for hands.
Your natural rate of healing is unusually fast.
You are covered in fur. (AC +1)
You have tough skin. (AC +1)


Message History

Duvessa is lightly wounded.
Dowan's robes are whipped around by a magical breeze.
Duvessa hits you with a +1 short sword of electrocution!
You closely miss Duvessa.
Duvessa is lightly wounded.
Duvessa hits you with a +1 short sword of electrocution!
You are electrocuted!
Your skin crawls.
You feel strong-willed.
Duvessa hits you with a +1 short sword of electrocution.
You are electrocuted!
* * * LOW HITPOINT WARNING * * *
Dowan says, "Stay away from my face!"
Dowan barely misses you.
A red film seems to cover your vision as you go berserk!
You feel yourself moving faster!
You feel mighty!
Duvessa hits you with a +1 short sword of electrocution!
* * * LOW HITPOINT WARNING * * *
Dowan hits you with a +0 dagger.
* * * LOW HITPOINT WARNING * * *
You claw Dowan!
Dowan is moderately wounded.
Duvessa hits you with a +1 short sword of electrocution!
* * * LOW HITPOINT WARNING * * *
Dowan hits you but does no damage.
You claw Dowan!
Dowan is severely wounded.
Duvessa hits you with a +1 short sword of electrocution!
* * * LOW HITPOINT WARNING * * *
You barely miss Duvessa.
Duvessa is lightly wounded.
Dowan hits you with a +0 dagger.
* * * LOW HITPOINT WARNING * * *
You scratch Duvessa.
Duvessa is lightly wounded.
Duvessa hits you with a +1 short sword of electrocution!
* * * LOW HITPOINT WARNING * * *
Dowan points at you and mumbles some strange words.
The puff of frost hits you!
You die...

...... .......#.....
...... ............
...... #...........
...... ###.........
.......... #..........
........... #........#
#..........
#....ee..####........##
#.....@..'..'.....(..##
###......####........##
#...........##>.........
#.......................
#.......................
#.......................
#.....###......##+#.....
#..............##.#.##..
#.................#.##..


You could see Duvessa and Dowan.

Vanquished Creatures
  A sky beast (D:3)
  A necrophage (D:4)
  The ghost of fly the Sneak, a weakling FoDe (D:3)
  2 bullfrog zombies (D:3)
  An orc priest (D:3)
  An iguana (D:4)
  2 orc wizards
  4 gnolls
  3 adders
  2 worms
  A dart slug (D:4)
  6 orcs
  4 bats
  6 endoplasms
  2 giant cockroaches
  5 goblins
  10 hobgoblins
  11 jackals
  4 quokkas
  10 ball pythons
  5 frilled lizards
  2 kobolds
  A quokka skeleton (D:4)
  4 rats
89 creatures vanquished.

Vanquished Creatures (others)
  5 fungi (D:3)
  2 toadstools (D:3)
7 creatures vanquished.

Grand Total: 96 creatures vanquished

Notes
Turn   | Place    | Note
-------+----------+-------------------------------------------
     0 | D:1      | Destapler the Troll Berserker began the quest for the Orb.
     0 | D:1      | Reached XP level 1. HP: 22/22 MP: 0/0
    81 | D:1      | Reached XP level 2. HP: 24/29 MP: 1/1
   160 | D:1      | Reached XP level 3. HP: 37/37 MP: 2/2
   164 | D:1      | Reached ** piety under Trog
   453 | D:2      | Found Bomuil's Assorted Antiques.
  1160 | D:3      | Reached XP level 4. HP: 21/45 MP: 3/3
  1182 | D:3      | Found a runed translucent gate.
  1182 | D:3      | Found a runed translucent gate.
  1182 | D:3      | Found a runed translucent gate.
  1230 | D:3      | Found a basalt altar of Yredelemnul.
  1230 | D:3      | Found a white marble altar of Elyvilon.
  1238 | D:3      | Found a sparkling altar of Nemelex Xobeh.
  1241 | D:3      | Found a faded altar of an unknown god.
  1243 | D:3      | Found a faded altar of an unknown god.
  1319 | D:3      | Reached XP level 5. HP: 54/54 MP: 4/4
  1374 | D:3      | Found a stormy altar of Qazlal.
  1460 | D:3      | Reached *** piety under Trog
  1678 | D:2      | Bought a large platinum amulet for 120 gold pieces
  1678 | D:2      | Bought a bubbling orange potion for 21 gold pieces
  1678 | D:2      | Bought a black potion for 21 gold pieces
  1791 | D:3      | Noticed fly's ghost (weakling FoDe)
  1824 | D:3      | Found an ancient bone altar of Kikubaaqudgha.
  1934 | D:3      | Killed fly's ghost
  1935 | D:3      | Reached XP level 6. HP: 62/62 MP: 5/5
  2041 | D:4      | Found Xolem's General Store.
  2044 | D:4      | Noticed a sky beast
  2081 | D:3      | Killed a sky beast
  2256 | D:4      | Reached XP level 7. HP: 71/71 MP: 6/6
  2385 | D:4      | Noticed Duvessa
  2386 | D:4      | Noticed Dowan
  2396 | D:4      | Killed from afar by Dowan

Illustrated notes

Levels and vault maps discovered:
D:1:      scummos_arrival_forest, layout_basic
D:2:      layout_basic, serial_shops, nicolae_shop_waterfront
D:3:      layout_basic, mainiacjoe_overflow_alcove_4,
          chequers_temple_overflow_minitemple, mainiacjoe_overflow_24_doors,
          gammafunk_ghost_necromancy, minmay_gold_behind_fungi, corexii_shack
D:4:      layout_basic, okawaru_altar_gauntlet_db, serial_shops,
          nicolae_shop_waterfront, kennysheep_small_circle, uniq_duvessa

Skill      XL: |  1  2  3  4  5 |
---------------+----------------+-----
Dodging        | 3 4 |  4.7
Fighting       | 3 4 |  4.7
Maces & Flails | 3 |  3.8

Action                   |  1- 3 |  4- 6 |  7- 9 || total
-------------------------+-------+-------+-------++-------
Melee: Unarmed           |   119 |   149 |    31 ||   299
       Punch             |     2 |     1 |       ||     3
Invok: Berserk           |     1 |     2 |     2 ||     5
       Trog's Hand       |       |     1 |     1 ||     2
  Use: Scroll            |       |     2 |       ||     2
 Stab: Sleeping          |     2 |     3 |       ||     5
Armor: Animal skin       |    44 |    55 |     6 ||   105
Dodge: Dodged            |    67 |    63 |    21 ||   151

Table legend: (Time is in decaauts)
 A = Elapsed time spent in this place.
 B = Non-inter-level travel time spent in this place.
 C = Inter-level travel time spent in this place.
 D = Time resting spent in this place.
 E = Time spent auto-exploring this place.
 F = Levels seen in this place.
 G = Mean time per level.
                   A        B        C        D        E       F      G
               +--------+--------+--------+--------+--------+-----+--------+
         Total |   2437 |   2133 |    304 |     79 |   1402 |   4 |  609.2 |
       Dungeon |   2437 |   2133 |    304 |     79 |   1402 |   4 |  609.2 |
               +--------+--------+--------+--------+--------+-----+--------+

Top non-repeatable levels by time:
     D:3: 899 daAuts
     D:2: 795 daAuts
     D:1: 436 daAuts
     D:4: 305 daAuts
